 Dungeon Crawl Stone Soup version 0.27.0-1-g7a089689b8 (webtiles) character file.

Game seed: 16845426346067266185

49 Acheron the Skirmisher (level 3, -3/55 HPs)
             Began as a Minotaur Wanderer on July 31, 2021.
             Was a Believer of Yredelemnul.
             Succumbed to an orc's poison
             ... on level 3 of the Dungeon.
             The game lasted 00:06:06 (1039 turns).

Acheron the Skirmisher (Minotaur Wanderer)          Turns: 1039, Time: 00:06:07

Health: -3/55      AC: 21    Str: 16    XL:     3   Next: 51%
Magic:  2/2        EV:  2    Int:  8    God:    Yredelemnul [**....]
Gold:   15         SH:  3    Dex: 11    Spells: 2/2 levels left

rFire    . . .     SeeInvis .   a - +2 dagger
rCold    . . .     Faith    .   i - +0 buckler
rNeg     + + +     Spirit   .   (armour currently unavailable)
rPois    +         Reflect  .   (helmet currently unavailable)
rElec    .         Harm     .   (cloak currently unavailable)
rCorr    .         Rampage  .   (gloves currently unavailable)
Will     .....     NoTele   +   (boots currently unavailable)
Stlth    +.........             (no amulet)
HPRegen  0.18/turn              (no ring)
MPRegen  0.08/turn              (no ring)

@: lethally poisoned (-3 -> -34), tree-form
A: stationary, stasis, torment immunity, boosted hp, (horns 2), (retaliatory
headbutt)
a: Renounce Religion, Animate Remains, Recall Undead Slaves, Injury Mirror


You were on level 3 of the Dungeon.
You worshipped Yredelemnul.
Yredelemnul was pleased with you.
You were a tree.
You visited 1 branch of the dungeon, and saw 3 of its levels.

You collected 15 gold pieces.

Inventory:

Hand Weapons
 a - a +2 dagger (weapon)
 d - a +0 spear
 h - a +0 hand axe
Missiles
 b - a curare-tipped dart (quivered)
 f - 22 stones
Armour
 e - a +0 robe (melded)
 i - a +0 buckler (worn)
 l - a +0 pair of gloves (melded)
Jewellery
 m - an amulet of faith
Scrolls
 g - a scroll of identify {unknown}
 n - a scroll of fear {unknown}
Potions
 j - a potion of might {unknown}
 k - a potion of curing {unknown}


   Skills:
 + Level 6.1 Fighting
 + Level 1.4(1.6) Short Blades
 + Level 1.2(1.6) Long Blades
 + Level 2.4 Polearms
 + Level 2.0 Throwing
 + Level 1.1 Dodging


You had 2 spell levels left.
You didn't know any spells.
Your spell library contained the following spells:

 Spells                   Type           Power      Damage    Failure   Level
 Blink                    Tloc           N/A        N/A       73%         2
 Lesser Beckoning         Tloc           0%         N/A       91%         3
 Manifold Assault         Tloc           0%         N/A       100%        5


Dungeon Overview and Level Annotations

Branches:
Dungeon (3/15)

Altars:
Makhleb
Yredelemnul


Innate Abilities, Weirdness & Mutations

You are a tree.
Your roots penetrate the ground, keeping you stationary.
You cannot be teleported.
You are immune to unholy pain and torment.
Your maximum health is greatly increased.
Your equipment is partially melded.
((You have a pair of horns on your head.))
((You reflexively headbutt those who attack you in melee.))


Message History

a +0 club; a quokka corpse You closely miss the orc.
The orc is heavily wounded.
You feel sick. The orc closely misses you.
You hit the orc but do no damage.
The orc is heavily wounded.
You feel sick.
The orc hits you with a +2 dagger of venom.
You are more poisoned.
You barely miss the orc.
The orc is heavily wounded.
You feel very sick.
The orc hits you with a +2 dagger of venom.
You are lethally poisoned!
You hit the orc.
The orc is heavily wounded.
You feel very sick.
The orc hits you with a +2 dagger of venom.
You hit the orc.
The orc is almost dead.
* * * LOW HITPOINT WARNING * * *
You feel very sick.
The orc hits you with a +2 dagger of venom.
* * * LOW HITPOINT WARNING * * *
You are more poisoned.
Really quaff the potion of lignification?
Okay, then.
Really quaff the potion of lignification?
You turn into a tree.
Your +0 pair of gloves melds into your body.
Your +0 robe melds into your body.
Your roots penetrate the ground.
* * * LOW HITPOINT WARNING * * *
You feel very sick. The orc hits you but does no damage.
You are more poisoned.
You hit the orc.
You kill the orc!
Yredelemnul accepts your kill.
You die...
Your body rises from the dead as a mindless zombie.

..g. ...# ...# o
... .#######.
..# ........
#..#
...#..######g..#
#.##.....♣)o..#
#....#.#.##..##
# #........$.#
.. #..###†..#.#
K.. #..# #.#...#
b_.#######..#
#.....#
....#.......#
###......
...........##
.....<
.....<......#
##.##


You could see an orc and a hobgoblin.

Vanquished Creatures
  2 dart slugs
  An orc (D:3)
  3 ball pythons
  4 bats
  5 endoplasms (D:1)
  A giant cockroach (D:1)
  2 goblins
  5 hobgoblins (D:1)
  4 jackals (D:1)
  5 quokkas
  4 kobolds (D:1)
  2 rats (D:1)
38 creatures vanquished.

Vanquished Creatures (others)
  2 plants (D:1)
2 creatures vanquished.

Grand Total: 40 creatures vanquished

Notes
Turn   | Place    | Note
-------+----------+-------------------------------------------
     0 | D:1      | Acheron the Minotaur Wanderer began the quest for the Orb.
     0 | D:1      | Acheron set off with the following items: a +2 dagger, a
                  | curare-tipped dart, a potion of lignification, a +0 spear,
                  | a +0 robe
     0 | D:1      | Reached XP level 1. HP: 22/22 MP: 0/0
    26 | D:1      | Reached skill level 5 in Fighting
   194 | D:1      | Found a faded altar of an unknown god.
   203 | D:1      | Reached XP level 2. HP: 29/29 MP: 1/1
   282 | D:1      | Became a worshipper of Yredelemnul the Dark
   282 | D:1      | Reached * piety under Yredelemnul
   625 | D:1      | Reached XP level 3. HP: 37/37 MP: 2/2
   641 | D:1      | Reached skill level 6 in Fighting
   643 | D:1      | Reached skill level 1 in Short Blades
   876 | D:1      | Reached ** piety under Yredelemnul
   998 | D:3      | Found a burning altar of Makhleb.
  1039 | D:3      | Succumbed to an orc's poison

Illustrated notes

Levels and vault maps discovered:
D:1:      dpeg_arrival_rhombus, layout_basic,
          hellmonk_ecumenical_altar_pennies_from_heaven, serial_bayou_pond_a,
          minmay_tripent
D:2:      layout_basic, basic_altar
D:3:      layout_rooms, nicolae_dithmenos_shadow_blocks, bloody_makhleb,
          minmay_checkerbox

Skill      XL: |  1  2  3 |
---------------+----------+-----
Fighting       | 5 6 |  6.1
Short Blades   | 1 |  1.4
Long Blades    | |  1.2
Polearms       | |  2.4
Throwing       | |  2.0
Dodging        | |  1.1

Action                   || total
-------------------------++-------
Melee: Dagger            ||    81
       Headbutt          ||    13
  Use: Potion            ||     1
Armor: Robe              ||    16
       Skin              ||     1
Dodge: Dodged            ||    44
Block: Buckler           ||     1
